 Dungeon Crawl Stone Soup version 0.26.1-11-gd32895ea62 (webtiles) character file.

Game seed: 8261395571808173519

1198 Qrupt the Chopper (level 8, 0/71 HPs)
             Began as a Hill Orc Fighter on July 7, 2021.
             Was a Believer of Makhleb.
             Slain by Sigmund
             ... wielding a +0 scythe
              (3 damage)
             ... on level 4 of the Dungeon on July 16, 2021.
             The game lasted 00:07:01 (5205 turns).

Qrupt the Chopper (Hill Orc Fighter)                Turns: 5205, Time: 00:07:02

Health: 0/71       AC:  7    Str: 21      XL:     8   Next: 44%
Magic:  8/8        EV: 12    Int:  8      God:    Makhleb [**....]
Gold:   226        SH: 10    Dex:  9 (10) Spells: 7/7 levels left

rFire    + . .     SeeInvis .   a - +0 war axe
rCold    + . .     Faith    .   c - +0 kite shield
rNeg     . . .     Spirit   .   b - +0 scale mail
rPois    +         Reflect  .   (no helmet)
rElec    +         Harm     .   (no cloak)
rCorr    +         Rampage  .   (no gloves)
Will     .....     Rnd*Tele +   (no boots)
Stlth    ..........             (no amulet)
HPRegen  0.21/turn              p - ring of teleportation (curse)
MPRegen  0.11/turn              r - +4 ring of evasion

@: mighty, resistant
A: no striking features
a: Renounce Religion, Minor Destruction


You were on level 4 of the Dungeon.
You worshipped Makhleb.
Makhleb was pleased with you.
You visited 1 branch of the dungeon, and saw 6 of its levels.

You collected 226 gold pieces.

Inventory:

Hand Weapons
 a - a +0 war axe (weapon)
Missiles
 w - 2 throwing nets (quivered)
Armour
 b - a +0 scale mail (worn)
 c - a +0 kite shield (worn)
Jewellery
 p - a cursed ring of teleportation (left hand)
 r - a +4 ring of evasion (right hand)
 t - an uncursed ring of fire {unknown}
 y - an uncursed ring of willpower {unknown}
Wands
 x - a wand of flame (18)
Scrolls
 e - 3 scrolls of remove curse {unknown}
 f - a scroll of fog {unknown}
 g - a scroll of immolation {unknown}
 i - a scroll of magic mapping {unknown}
 j - 7 scrolls of identify
 l - 4 scrolls of teleportation {unknown}
 m - a scroll of enchant weapon {unknown}
 o - a scroll of noise {unknown}
 q - a scroll of random uselessness {unknown}
 z - a scroll of amnesia {unknown}
Potions
 d - a potion of might
 h - a potion of ambrosia
 k - 2 potions of brilliance {unknown}
 n - 2 potions of curing
 s - a potion of resistance
 u - a potion of lignification {unknown}
 v - 2 potions of heal wounds {unknown}


   Skills:
 + Level 6.9 Fighting
 + Level 6.9 Axes
 + Level 6.3 Armour
 + Level 6.2 Shields


You had 7 spell levels left.
You didn't know any spells.
Your spell library was empty.

Dungeon Overview and Level Annotations

Branches:
Dungeon (6/15)             Temple (0/1) D:4

Altars:
Makhleb
Trog
Wu Jian

Annotations:
D:4 Sigmund


Message History

The phantom is lightly damaged.
You hit something. The phantom hits you.
* * * LOW HITPOINT WARNING * * *
Something hits you.
* * * LOW HITPOINT WARNING * * *
You slash something!
Your scale mail prevents you from hitting the phantom.
The phantom hits you.
* * * LOW HITPOINT WARNING * * *
You hear some strange, mumbled words.
Something tries to affect you, but you resist.
It was a potion of resistance.
You feel protected. The phantom barely misses you.
Something hits you but does no damage.
You feel very mighty all of a sudden. You block the phantom's attack.
You miss something. You closely miss the phantom. The phantom hits you.
* * * LOW HITPOINT WARNING * * *
Something hits you.
You die...

...........+.....W...+
###(#...####.........#
#.##.## ##.......##
#.#### ##.....## #.#
##...## #.# ##)## #.#
#o# #.# #{# #.# ##@##
#.# ##W..###### #.#
#.......... #.#######
##....##### #.......#
##.#.#
#######<########.#
#..........#
############


You could see a phantom and an orc.

Vanquished Creatures
  Eustachio (D:4)
  A phantom (D:4)
  A necrophage (D:6)
  2 ogres
  5 orc priests
  4 hounds
  3 orc wizards
  A bullfrog skeleton (D:4)
  A worker ant (D:4)
  A hound skeleton (D:4)
  A worker ant zombie (D:4)
  11 gnolls
  6 adders
  A white imp (D:5)
  An ufetubus (D:4)
  An ooze (D:2)
  2 worms
  A dart slug (D:2)
  3 leopard geckos
  15 orcs
  5 giant cockroaches
  8 goblins
  8 hobgoblins
  6 jackals
  3 kobolds
  A quokka (D:6)
  3 ball pythons
  8 bats
  4 frilled lizards
  A quokka zombie (D:6)
  6 rats
115 creatures vanquished.

Notes
Turn   | Place    | Note
-------+----------+-------------------------------------------
     0 | D:1      | Qrupt the Hill Orc Fighter began the quest for the Orb.
     0 | D:1      | Reached XP level 1. HP: 19/19 MP: 1/1
    88 | D:1      | Reached XP level 2. HP: 27/27 MP: 2/2
   614 | D:2      | Reached XP level 3. HP: 7/33 MP: 3/3
   845 | D:2      | Found a burning altar of Makhleb.
   850 | D:2      | Reached XP level 4. HP: 38/40 MP: 4/4
  1381 | D:2      | Reached XP level 5. HP: 47/47 MP: 5/5
  1675 | D:2      | Found an ornate altar of the Wu Jian Council.
  1767 | D:2      | Became a worshipper of Makhleb the Destroyer
  2842 | D:3      | Reached XP level 6. HP: 51/55 MP: 6/6
  2886 | D:3      | Reached skill level 5 in Fighting
  2887 | D:3      | Reached * piety under Makhleb
  3178 | D:4      | Reached skill level 5 in Axes
  3183 | D:4      | Noticed a phantom
  3211 | D:4      | Killed a phantom
  3212 | D:4      | Reached skill level 5 in Armour
  3212 | D:4      | Reached skill level 5 in Shields
  3212 | D:4      | Reached XP level 7. HP: 30/61 MP: 7/7
  3446 | D:4      | You fall into a shaft and drop 2 floors!
  3646 | D:5      | Entered Level 5 of the Dungeon
  3936 | D:4      | Found a staircase to the Ecumenical Temple.
  3965 | D:4      | HP: 1/63 [orc wizard/magic dart (6)]
  3967 | D:4      | Reached XP level 8. HP: 7/70 MP: 8/8
  4461 | D:4      | Found a bloodstained altar of Trog.
  4933 | D:4      | Noticed Eustachio
  4956 | D:4      | Killed Eustachio
  4956 | D:4      | Reached ** piety under Makhleb
  5161 | D:4      | Noticed Sigmund
  5205 | D:4      | HP: 3/71 [phantom (5)]
  5205 | D:4      | Slain by Sigmund

Illustrated notes

Levels and vault maps discovered:
D:1:      sevenhm_arrival_forest_fort_large_4, layout_rooms
D:2:      cheibrodos_helix_gallery, layout_rooms,
          pdpol_wu_jian_five_deadly_venoms, makhleb_heckhound_becter
D:3:      layout_basic
D:4:      layout_loops_corners, lemuel_doored_altar, temple_pool_b,
          uniq_eustachio, uniq_menkaure, uniq_sigmund
D:5:      layout_loops_cross, serial_shops, shop
D:6:      layout_basic, tso_oasis_becter

Skill      XL: |  1  2  3  4  5  6  7  8 |
---------------+-------------------------+-----
Axes           | 3 4 5 6 |  6.9
Fighting       | 4 5 6 |  6.9
Armour         | 4 5 6 |  6.3
Shields        | 4 5 6 |  6.2

Action                   |  1- 3 |  4- 6 |  7- 9 || total
-------------------------+-------+-------+-------++-------
Melee: War axe           |    82 |   218 |   180 ||   480
  Use: Potion            |     1 |       |     4 ||     5
       Scroll            |       |     1 |       ||     1
Armor: Scale mail        |    31 |    87 |    90 ||   208
Dodge: Dodged            |    35 |    78 |   129 ||   242
Block: Kite shield       |    37 |   113 |   134 ||   284
